 Dungeon Crawl Stone Soup version 0.30.1-4-g462c640d31 (webtiles) character file.

Game seed: 18132062664745784748

86 lonewolfV2 the Chopper (level 4, -3/36 HPs)
             Began as a Demonspawn Berserker on Aug 24, 2023.
             Was a Believer of Trog.
             Shot with an arrow by a centaur (4 damage)
             ... on level 5 of the Dungeon.
             The game lasted 00:03:36 (2288 turns).

lonewolfV2 the Chopper (Demonspawn Berserker)       Turns: 2288, Time: 00:03:36

Health: -3/36      AC:  4    Str: 19    XL:     4   Next: 27%
Magic:  4/4        EV: 12    Int:  8    God:    Trog [**....]
Gold:   80         SH:  0    Dex: 13    Spells: 3/3 levels left

rFire   . . .        a - +0 hand axe
rCold   . . .        (no shield)
rNeg    . . .        b - +0 animal skin
rPois   .            (no helmet)
rElec   .            (no cloak)
rCorr   .            (no gloves)
SInv    .            (no boots)
Will    .....        (no amulet)
Stlth   +            (no ring)
HPRegen 0.26/turn    (no ring)
MPRegen 0.09/turn

%: no passive effects
@: no status effects
A: molten scales 1, demonic guardian 1
a: Renounce Religion, Berserk, Trog's Hand


You were on level 5 of the Dungeon.
You worshipped Trog.
Trog was pleased with you.
You visited 1 branch of the dungeon, and saw 4 of its levels.

You collected 80 gold pieces.

Inventory:

Hand Weapons
 a - a +0 hand axe (weapon)
Armour
 b - a +0 animal skin (worn)
Scrolls
 f - a scroll of fog
Potions
 d - a potion of attraction
 g - a potion of haste
 h - a potion of degeneration
 j - a potion of magic {unknown}
 k - 2 potions of curing


   Skills:
 + Level 3.6 Fighting
 + Level 3.7 Axes
 + Level 1.8 Armour
 + Level 2.3 Dodging
 + Level 0.6 Stealth


You had 3 spell levels left.
You didn't know any spells.
Your spell library was empty.

Dungeon Overview and Level Annotations

Branches:
Dungeon (3/15)

Altars:
Fedhas

Annotations:
D:5 Blork the orc, Grinder


Innate Abilities, Weirdness & Mutations

You are partially covered in molten scales. (AC +2)
A weak demonic guardian rushes to your aid.


Message History

You see here a +0 barding.
Blork the orc comes into view.
He is wielding a +0 battleaxe and wearing a +2 robe of willpower.
A dart slug comes into view.
An adder comes into view.
Grinder comes into view.
Grinder shouts!
The adder hisses angrily.
Found 7 stones.
A centaur comes into view.
The dart slug launches a dart at you. The slug dart hits you.
Found a scroll of identify.
Found a stone staircase leading up.
Grinder blinks!
The adder bites you.
A demonic guardian appears!
The adder bites you but does no damage.
You completely miss the adder. The adder bites you but does no damage.
The centaur wields a +0 shortbow.
The centaur shoots an arrow.
The arrow hits your iron imp!
Grinder blinks!
You barely miss the adder.
The centaur shoots an arrow.
The arrow hits you! The adder bites you.
You are poisoned.
The adder poisons you!
The centaur shoots an arrow.
The arrow closely misses you. The adder bites you.
You hit the adder but do no damage.
You feel sick. The adder bites you but does no damage.
You slash the adder!
The adder is severely wounded.
You feel sick. The adder bites you.
The centaur shoots an arrow.
The arrow hits you.
* * * LOW HITPOINT WARNING * * *
The adder closely misses you.
You miss the adder.
The adder is severely wounded.
You feel sick.
The centaur shoots an arrow.
The arrow misses you. The adder completely misses you.
You feel better. The adder bites you but does no damage.
The centaur shoots an arrow.
The arrow hits you!
* * * LOW HITPOINT WARNING * * *
The adder bites you but does no damage.
The centaur shoots an arrow.
The arrow hits you.
You die...

....#.... .... ....
##.#........#
........... ... #.
........... #...#.
..#.###.#....... #...#.
.......5..c.... #...#. .
#@# #..# #...#. ?..
#S###..######.....
.....##w.....#..........
.............#.###....#.
.#....##..............#.
...... #........#.......
####. #.##.###.#..#.###
.< #.#.........#.# ##
#.#####.#.#.#.#


You could see a centaur, an adder (ally target), a dart slug and a friendly iron
imp (summoned).

Vanquished Creatures
  A hound (D:3)
  2 adders (D:2)
  A dart slug (D:3)
  5 bats
  4 endoplasms
  2 giant cockroaches (D:1)
  3 goblins
  3 hobgoblins
  4 ball pythons
  5 frilled lizards (D:1)
  3 kobolds (D:1)
  3 rats
36 creatures vanquished.

Vanquished Creatures (collateral kills)
  A goblin (D:3)
1 creature vanquished.

Grand Total: 37 creatures vanquished

Notes
Turn   | Place    | Note
-------+----------+-------------------------------------------
     0 | D:1      | lonewolfV2 the Demonspawn Berserker began the quest for the
                  | Orb.
     0 | D:1      | Reached XP level 1. HP: 18/18 MP: 1/1
   170 | D:1      | Gained mutation: A weak demonic guardian rushes to your
                  | aid. [demonic ancestry]
   170 | D:1      | Reached XP level 2. HP: 21/24 MP: 2/2
   692 | D:1      | Reached ** piety under Trog
  1152 | D:2      | Found a blossoming altar of Fedhas.
  1317 | D:2      | Gained mutation: You are partially covered in molten
                  | scales. (AC +2) [demonic ancestry]
  1317 | D:2      | Reached XP level 3. HP: 20/29 MP: 3/3
  2123 | D:3      | Reached XP level 4. HP: 36/36 MP: 4/4
  2226 | D:3      | You fall into a shaft and drop 2 floors!
  2226 | D:5      | Entered Level 5 of the Dungeon
  2257 | D:5      | Noticed Blork the orc
  2274 | D:5      | Noticed Grinder
  2277 | D:5      | Noticed a centaur
  2288 | D:5      | HP: 1/36 [centaur/arrow (12)]
  2288 | D:5      | Shot with an arrow by a centaur

Illustrated notes

Levels and vault maps discovered:
D:1:      nicolae_arrival_washed_ashore, layout_loops_cross, minmay_pentomino_t4
D:2:      layout_rooms, basic_altar, serial_corexii_hall,
          chequers_hall_statues_wall_a, chequers_hall_statues_y,
          corexii_hall_statues_s, corexii_hall_statues_i,
          uniq_crazy_yiuf_cottage
D:3:      layout_basic, interstate_on_off, serial_bayou_lagoon_b
D:5:      layout_basic, fedhas_altar_decomposition, kennysheep_mini_moat,
          overflow_temple_1_default, minmay_misc_feat_columns,
          uniq_blork_the_orc, uniq_grinder, uniq_prince_ribbit1, uniq_ijyb

Skill      XL: |  1  2 |
---------------+-------+-----
Axes           | 3 |  3.7
Dodging        | 2 |  2.3
Fighting       | |  3.6
Armour         | |  1.8
Stealth        | |  0.6

Action                     |  1- 3 |  4- 6 || total
---------------------------+-------+-------++-------
  Melee: Hand axe          |   120 |     5 ||   125
    Use: Scroll            |     9 |     4 ||    13
         Potion            |       |     1 ||     1
   Stab: Sleeping          |     2 |       ||     2
 Armour: Animal skin       |    26 |     5 ||    31
  Dodge: Dodged            |   100 |     4 ||   104
